 Dungeon Crawl Stone Soup version 0.31-a0-750-gfe7b580527 (webtiles) character file.

Game seed: 1581544071349421192

47 Aneyh the Chopper (level 3, 0/23 HPs)
             Began as a Tengu Monk on Sept 15, 2023.
             Slain by Robin
             ... wielding a +0 club
              (4 damage)
             ... on level 2 of the Dungeon.
             The game lasted 00:01:14 (706 turns).

Aneyh the Chopper (Tengu Monk)                       Turns: 706, Time: 00:01:15

Health: 0/23       AC:  2    Str: 13    XL:     3   Next: 70%
Magic:  4/4        EV: 13    Int: 10    God:
Gold:   29         SH:  0    Dex: 16    Spells: 2/2 levels left

rFire   . . .        a - +0 hand axe
rCold   . . .        (no shield)
rNeg    . . .        b - +0 robe
rPois   .            (helmet restricted)
rElec   .            (no cloak)
rCorr   .            (no gloves)
SInv    .            (boots unavailable)
Will    .....        (no amulet)
Stlth   +            (no ring)
HPRegen 0.23/turn    (no ring)
MPRegen 0.09/turn

%: acrobat
@: no status effects
A: beak, talons 3, acrobatic
a: no special abilities


You were on level 2 of the Dungeon.
You visited 1 branch of the dungeon, and saw 2 of its levels.

You collected 29 gold pieces.

Inventory:

Hand Weapons
 a - a +0 hand axe (weapon)
Armour
 b - a +0 robe (worn)
 d - an orb of light
Scrolls
 e - 3 scrolls of teleportation {unknown}
 f - a scroll of identify {unknown}


   Skills:
 - Level 3.0 Fighting
 + Level 5.0 Axes
 - Level 3.2 Dodging


You had 2 spell levels left.
You didn't know any spells.
Your spell library was empty.

Dungeon Overview and Level Annotations

Branches:
Dungeon (2/15)

Altars:

Annotations:
D:2 Robin


Innate Abilities, Weirdness & Mutations

You have a beak for a mouth.
You have claws for feet.
You can magically evade attacks while moving or waiting.


Message History

The endoplasm is lightly wounded.
You barely miss the goblin. The endoplasm misses you.
The goblin hits you but does no damage.
A goblin comes into view. It is wielding a +0 dagger.
Robin roars a battlecry!
The goblins go into a battle-frenzy!
The goblin shouts!
You hear a shout!
You completely miss the endoplasm.
The endoplasm is lightly wounded.
You miss the goblin.
The endoplasm hits you but does no damage.
The goblin closely misses you.
You hit the endoplasm.
You peck the endoplasm, but do no damage.
The endoplasm is moderately wounded.
You hit the goblin.
You kill the goblin!
The endoplasm misses you.
You hit the endoplasm.
You kill the endoplasm!
You barely miss the goblin. The goblin hits you with a +0 club.
* * * LOW HITPOINT WARNING * * *
A goblin comes into view. It is wielding a +0 club.
Your Axes skill increases to level 5!
Unknown command.
You hit the endoplasm.
You kill the endoplasm!
You hit the goblin.
You kill the goblin!
A goblin comes into view. It is wielding a +0 club.
Robin throws the goblin at you!
* * * LOW HITPOINT WARNING * * *
You hit the goblin.
You kill the goblin!
A hobgoblin comes into view.
You closely miss Robin. You claw Robin, but do no damage. You punch Robin.
Robin is lightly wounded.
Robin hits you with a +0 club.
You die...
Robin calls out, "Let's celebrate!
Time for a feast!"

#......###
#........#
#.........
#.........
+..gg.....
#..).g..g.
#.g†..#
#g#'#.#
#@#.#+###
##+#+#))......
#.....###.....
#.....+ .....
#.....# #####
#.†...#
#.....#
####'## #.#


You could see Robin, a hobgoblin (strong) and 2 goblins.

Vanquished Creatures
  Natasha (D:2)
  2 bats (D:1)
  3 endoplasms
  A giant cockroach (D:1)
  6 goblins (D:2)
  3 hobgoblins
  2 frilled lizards (D:1)
  A kobold (D:2)
  2 rats (D:1)
21 creatures vanquished.

Notes
Turn   | Place    | Note
-------+----------+-------------------------------------------
     0 | D:1      | Aneyh the Tengu Monk began the quest for the Orb.
     0 | D:1      | Reached XP level 1. HP: 14/14 MP: 2/2
   426 | D:1      | Reached XP level 2. HP: 19/19 MP: 3/3
   534 | D:1      | Reached skill level 4 in Axes
   630 | D:2      | Noticed Natasha
   641 | D:2      | Killed Natasha
   642 | D:2      | Reached XP level 3. HP: 14/23 MP: 4/4
   691 | D:2      | Noticed Robin
   704 | D:2      | Reached skill level 5 in Axes
   706 | D:2      | Slain by Robin

Illustrated notes

Levels and vault maps discovered:
D:1:      minmay_arrival_stone_box, layout_loops_ring
D:2:      layout_basic, serial_shops, shop, shop, shop, shop,
          shapermc_ecumenical_altar_pompeii, reono_crystal_passage,
          uniq_natasha, uniq_crazy_yiuf_cottage, uniq_robin

Skill      XL: |  1  2  3 |
---------------+----------+-----
Axes           | 4 5 |  5.0
Fighting       | |  3.0
Dodging        | |  3.2

Action                     || total
---------------------------++-------
  Melee: Hand axe          ||    39
         Kick              ||    11
         Peck              ||     6
         Punch             ||     1
    Use: Potion            ||     1
 Armour: Robe              ||    27
  Dodge: Dodged            ||    43

Table legend: (Time is in decaauts)
 A = Elapsed time spent in this place.
 B = Non-inter-level travel time spent in this place.
 C = Inter-level travel time spent in this place.
 D = Time resting spent in this place.
 E = Time spent auto-exploring this place.
 F = Levels seen in this place.
 G = Mean time per level.
                   A        B        C        D        E       F      G
               +--------+--------+--------+--------+--------+-----+--------+
         Total |    709 |    677 |     32 |      0 |    560 |   2 |  354.5 |
       Dungeon |    709 |    677 |     32 |      0 |    560 |   2 |  354.5 |
               +--------+--------+--------+--------+--------+-----+--------+

Top non-repeatable levels by time:
     D:1: 582 daAuts
     D:2: 127 daAuts
